 Seeded DCSS version 0.31-a0-1549-g5ff9445e89 (webtiles) character file.

Game seed: 1958954690069478026 (custom seed)

1445 voltaire321 the Ducker (level 8, -2/61 HPs)
             Began as a Demonspawn Gladiator on Jan 3, 2024.
             Was a Follower of Makhleb.
             Killed by divine providence
             ... invoked by an orc priest
              (8 damage)
             ... on level 6 of the Dungeon.
             The game lasted 00:13:35 (5367 turns).

voltaire321 the Ducker (Demonspawn Gladiator)       Turns: 5367, Time: 00:13:36

Health: -2/61      AC: 13    Str: 17    XL:     8   Next: 46%
Magic:  10/10      EV:  9    Int:  9    God:    Makhleb [*.....]
Gold:   257        SH:  4    Dex: 14    Spells: 7/7 levels left

rFire   + . .        a - +0 war axe
rCold   + . .        x - +0 buckler
rNeg    . . .        y - +0 chain mail
rPois   .            c - +0 helmet
rElec   .            h - scarf {rC+ rF+}
rCorr   .            i - +0 pair of gloves
SInv    +            (no boots)
Will    .....        (no amulet) Stlth
                     m - ring of see invisible
HPRegen 0.30/turn    (no ring)
MPRegen 0.12/turn

%: no passive effects
@: mighty
A: claws 1, icy blue scales 1, foul stench 2, spiny 1
a: Renounce Religion


You were on level 6 of the Dungeon.
You worshipped Makhleb.
Makhleb was aware of your devotion.
You visited 2 branches of the dungeon, and saw 7 of its levels.
You also visited: Sewer.

You collected 257 gold pieces.

Inventory:

Hand Weapons
 a - a +0 war axe (weapon)
Missiles
 d - 3 throwing nets
 e - a javelin (quivered)
Armour
 c - a +0 helmet (worn)
 h - a scarf of resistance (worn)
 i - a +0 pair of gloves (worn)
 x - a +0 buckler (worn)
 y - a +0 chain mail (worn)
Jewellery
 m - a ring of see invisible (left hand)
Wands
 w - a wand of charming (6)
Scrolls
 f - a scroll of enchant armour {unknown}
 g - 5 scrolls of teleportation {unknown}
 k - 2 scrolls of vulnerability {unknown}
 l - a scroll of poison {unknown}
 o - a scroll of revelation {unknown}
 q - a scroll of fog {unknown}
 r - a scroll of blinking {unknown}
 s - a scroll of fear {unknown}
 v - a scroll of immolation {unknown}
 z - a scroll of noise {unknown}
 A - a scroll of torment {unknown}
 B - a scroll of acquirement {unknown}
Potions
 b - 2 potions of lignification
 j - 5 potions of curing
 p - 2 potions of haste
 t - 2 potions of brilliance
 u - a potion of mutation
 C - a potion of enlightenment {unknown}


   Skills:
 + Level 4.7 Fighting
 + Level 4.7 Axes
 + Level 4.2 Throwing
 + Level 3.7 Armour
 + Level 4.7 Dodging
 + Level 2.2 Shields
 + Level 3.4 Invocations


You had 7 spell levels left.
You didn't know any spells.
Your spell library contained the following spells:

 Spells                   Type           Power      Damage    Failure   Level
 Sting                    Conj/Alch      0%         1d3       99%         1
 Mercury Vapours          Alch/Air       0%         N/A       100%        2
 Fugue of the Fallen      Necr           0%         N/A       100%        3
 Ozocubu's Armour         Ice            0%         N/A       100%        3
 Manifold Assault         Tloc           0%         N/A       100%        4
 Olgreb's Toxic Radiance  Alch           0%         N/A       100%        4


Dungeon Overview and Level Annotations

Branches:
Dungeon (6/15)             Temple (1/1) D:4           Sewer (visited)

Altars:
Cheibriados
Dithmenos
Fedhas
Gozag
Hepliaklqana
Makhleb
Qazlal
Sif Muna
Trog
Uskayaw
Xom
Yredelemnul

Annotations:
D:4 2 transporters


Innate Abilities, Weirdness & Mutations

You have sharp fingernails.
You are partially covered in icy blue scales. (AC +2)
You sometimes emit foul miasma when damaged in melee.
You are partially covered in sharp spines.


Message History

Makhleb accepts your kill. The water moccasin closely misses you.
You slash the water moccasin!
The water moccasin is moderately wounded.
The water moccasin is struck by your spines.
The water moccasin closely misses you.
An orc priest comes into view. It is wielding a +0 dagger.
The water moccasin is struck by your spines.
The water moccasin barely misses you.
You slice the water moccasin!!
You kill the water moccasin!
Makhleb accepts your kill.
You can now gain health from killing.
The orc is struck by your spines. The orc barely misses you.
You slash the orc!
You kill the orc!
Makhleb accepts your kill.
The orc priest invokes the aid of Beogh against you.
Beogh smites you!
* * * LOW HITPOINT WARNING * * *
You hear a shout!
You closely miss the orc.
You hear a shout!
The orc closely misses you.
You slash the orc!
You kill the orc!
Makhleb accepts your kill.
An orc comes into view. It is wielding a +0 dagger.
You block the orc priest's attack.
You slash the orc priest!
The orc priest is heavily wounded.
You block the orc priest's attack.
You closely miss the orc priest.
The orc priest is heavily wounded.
A centaur comes into view.
The orc priest looks encouraged for a moment.
You closely miss the orc priest.
The orc priest is heavily wounded.
The orc priest calls down the wrath of Beogh upon you.
Beogh smites you!
You die...

#........# #....
#........# #....
#........#########..).
###>.............#....
#..###########......
#...############....
#.#.)...............
#.################..
#..@ooc# ###.#
######'# #...#
#......).... #.###
#...S....... #.###
#...o....... #.#..
####.####### #.#.# ..#
#.... #.. ###.# #..
#..


You could see a centaur, an orc priest and an orc.

Vanquished Creatures
  Edmund (D:6)
  2 water moccasins
  An ice beast (D:6)
  Pargi (Sewer)
  2 ogres
  A centaur (D:6)
  Blork the orc (D:4)
  A brain worm (Sewer)
  2 hounds (D:4)
  2 orc priests
  Ijyb (D:4)
  An iguana (D:3)
  6 orc wizards
  10 adders
  A ribbon worm (D:3)
  A dart slug (D:4)
  28 orcs
  11 ball pythons
  6 bats
  4 endoplasms
  A giant cockroach (D:1)
  9 hobgoblins
  4 jackals (D:1)
  3 kobolds
  7 quokkas
  5 frilled lizards
  5 goblins
  3 rats
120 creatures vanquished.

Notes
Turn   | Place    | Note
-------+----------+-------------------------------------------
     0 | D:1      | voltaire321 the Demonspawn Gladiator began the quest for
                  | the Orb.
     0 | D:1      | Reached XP level 1. HP: 16/16 MP: 1/1
   101 | D:1      | Gained mutation: You may rarely emit foul miasma when
                  | damaged in melee. [demonic ancestry]
   101 | D:1      | Reached XP level 2. HP: 13/22 MP: 2/2
   828 | D:2      | Reached XP level 3. HP: 11/28 MP: 3/3
   941 | D:2      | Reached skill level 1 in Armour
  1061 | D:2      | You fall into a shaft and drop 2 floors!
  1064 | D:4      | Found a hide-covered altar of Uskayaw.
  1143 | D:3      | Found a snail-covered altar of Cheibriados.
  1291 | D:3      | Gained mutation: You sometimes emit foul miasma when
                  | damaged in melee. [demonic ancestry]
  1291 | D:3      | Reached XP level 4. HP: 25/34 MP: 4/4
  1397 | D:3      | Found a glowing drain.
  1406 | Sewer    | Entered a sewer
  1406 | Sewer    | Noticed a brain worm
  1413 | Sewer    | Killed a brain worm
  1414 | Sewer    | Gained mutation: You are partially covered in icy blue
                  | scales. (AC +2) [demonic ancestry]
  1414 | Sewer    | Reached XP level 5. HP: 8/41 MP: 2/5
  1616 | Sewer    | Noticed Pargi
  1628 | Sewer    | Killed Pargi
  1629 | Sewer    | Reached XP level 6. HP: 21/47 MP: 6/6
  1952 | D:2      | Found a faded altar of an unknown god.
  2864 | D:4      | Found a transporter.
  2871 | D:4      | Noticed an ice beast
  2871 | D:4      | Noticed an ice beast
  2990 | D:4      | Noticed Ijyb
  3040 | D:4      | Killed Ijyb
  3179 | D:4      | Found a stormy altar of Qazlal.
  3200 | D:4      | Found a staircase to the Ecumenical Temple.
  3208 | D:4      | Found a transporter.
  3215 | Temple   | Entered the Ecumenical Temple
  3232 | Temple   | Became a worshipper of Makhleb the Destroyer
  3333 | D:4      | Gained mutation: You have sharp fingernails. [demonic
                  | ancestry]
  3333 | D:4      | Reached XP level 7. HP: 52/53 MP: 7/7
  3485 | D:4      | Noticed Blork the orc
  3516 | D:4      | HP: 2/53 [Blork the orc/magic dart (4)]
  3517 | D:4      | Killed Blork the orc
  3518 | D:4      | Reached skill level 1 in Invocations
  4059 | D:5      | Entered Level 5 of the Dungeon
  4066 | D:5      | Reached skill level 1 in Shields
  4996 | D:6      | Gained mutation: You are partially covered in sharp spines.
                  | [demonic ancestry]
  4996 | D:6      | Reached XP level 8. HP: 49/61 MP: 9/9
  5060 | D:6      | Found a blossoming altar of Fedhas.
  5343 | D:6      | Noticed Edmund
  5359 | D:6      | Killed Edmund
  5361 | D:6      | Reached * piety under Makhleb
  5367 | D:6      | Killed from afar by an orc priest

Illustrated notes

Levels and vault maps discovered:
D:1:      minmay_arrival_stone_box, layout_basic, chequers_serial_rivers_micro_c
D:2:      layout_rooms, shapermc_ecumenical_altar_acropolis
D:3:      layout_loops_corners, mainiacjoe_overflow_concentric_impassable,
          mainiacjoe_overflow_boulevard, portal_sewer_entry_d, st_stairs_12
D:4:      gammafunk_cloud_chamber, layout_loops_corners, kennysheep_mini,
          kennysheep_mini_moat, minmay_temple_entry_mini_moons, uniq_ijyb,
          uniq_blork_the_orc
D:5:      layout_loops_ring
D:6:      layout_basic, fedhas_altar_2, nicolae_underground_beach, uniq_edmund
Temple:   nicolae_temple_ecumenical_triangle

Skill      XL: |  1  2  3  4  5  6  7  8 |
---------------+-------------------------+-----
Throwing       | 2 3 4 |  4.2
Axes           | 3 4 |  4.7
Dodging        | 3 4 |  4.7
Armour         | 1 2 3 |  3.7
Fighting       | 3 4 |  4.7
Invocations    | 2 3 |  3.4
Shields        | 1 2 |  2.2

Action                     |  1- 3 |  4- 6 |  7- 9 || total
---------------------------+-------+-------+-------++-------
  Melee: War axe           |   102 |   165 |   127 ||   394
         Punch             |       |     1 |       ||     1
  Throw: Javelin           |       |     1 |       ||     1
    Use: Scroll            |       |       |     6 ||     6
         Potion            |       |       |     1 ||     1
 Armour: Leather armour    |    86 |    51 |       ||   137
         Ring mail         |       |    57 |       ||    57
         Chain mail        |       |    17 |   166 ||   183
  Dodge: Dodged            |    85 |   107 |    56 ||   248
  Block: Buckler           |       |     8 |    31 ||    39

Table legend: (Time is in decaauts)
 A = Elapsed time spent in this place.
 B = Non-inter-level travel time spent in this place.
 C = Inter-level travel time spent in this place.
 D = Time resting spent in this place.
 E = Time spent auto-exploring this place.
 F = Levels seen in this place.
 G = Mean time per level.
                   A        B        C        D        E       F      G
               +--------+--------+--------+--------+--------+-----+--------+
         Total |   5532 |   5371 |    161 |   1015 |   2879 |   8 |  691.5 |
       Dungeon |   5085 |   4924 |    161 |    794 |   2831 |   6 |  847.5 |
        Temple |     34 |     34 |      0 |      0 |      0 |   1 |   34.0 |
         Sewer |    412 |    412 |      0 |    221 |     48 |   1 |  412.0 |
               +--------+--------+--------+--------+--------+-----+--------+

Top non-repeatable levels by time:
     D:4: 1421 daAuts
     D:3: 1064 daAuts
     D:1: 796 daAuts
     D:5: 789 daAuts
     D:2: 621 daAuts
   Sewer: 412 daAuts
     D:6: 392 daAuts
  Temple: 34 daAuts
